 Dungeon Crawl Stone Soup version 0.27-a0-1200-g94dc6ad4cf (webtiles) character file.

Game seed: 16254882705624468976

70 funkygono the Firebug (level 4, 0/24 HPs)
             Began as a Gargoyle Fire Elementalist on June 2, 2021.
             Slain by a phantom (5 damage)
             ... on level 3 of the Dungeon.
             The game lasted 00:04:02 (2425 turns).

funkygono the Firebug (Gargoyle Fire Elementalist)  Turns: 2425, Time: 00:04:02

Health: 0/24       AC:  6    Str: 11    XL:     4   Next: 22%
Magic:  0/8        EV: 12    Int: 17    God:
Gold:   72         SH:  0    Dex: 10    Spells: 1/8 levels left

rFire    . . .     SeeInvis .   b - +0 mace (drain)
rCold    . . .     Faith    .   (no shield)
rNeg     + . .     Spirit   .   a - +0 robe
rPois    ∞         Reflect  .   f - +0 helmet
rElec    +         Harm     .   (no cloak)
rCorr    .         Rampage  .   (no gloves)
Will     .....                  (no boots)
Stlth    ++........             (no amulet)
HPRegen  0.08/turn              (no ring)
MPRegen  0.11/turn              (no ring)

@: no status effects
A: sickness immunity, AC +3, negative energy resistance 1, electricity
resistance, torment resistance 1, petrification resistance
a: no special abilities


You were on level 3 of the Dungeon.
You visited 1 branch of the dungeon, and saw 3 of its levels.

You collected 72 gold pieces.

Inventory:

Hand Weapons
 b - a +0 mace of draining (weapon)
 c - a +0 whip
Armour
 a - a +0 robe (worn)
 f - a +0 helmet (worn)
 l - a +0 leather armour
Jewellery
 g - a ring of fire
Scrolls
 e - a scroll of amnesia
 j - a scroll of teleportation
Potions
 d - 2 potions of lignification
 i - a potion of mutation


   Skills:
 + Level 0.1 Maces & Flails
 + Level 1.6 Dodging
 - Level 2.1 Stealth
 * Level 2.8 Spellcasting
 * Level 1.6 Conjurations
 * Level 4.1 Fire Magic


You had one spell level left.
You knew the following spells:

 Your Spells              Type           Power      Damage    Failure   Level
a - Foxfire               Conj/Fire      48%        2x1d6     5%          1
b - Conjure Flame         Conj/Fire      12%        6-21      16%         3
c - Inner Flame           Hex/Fire       9%         N/A       22%         3

Your spell library contained the following spells:

 Spells                   Type           Power      Damage    Failure   Level
 Sticky Flame             Conj/Fire      12%        2d4       47%         4
 Fireball                 Conj/Fire      6%         3d5       83%         5


Dungeon Overview and Level Annotations

Branches:
Dungeon (3/15)

Altars:

Shops:
D:1 [


Innate Abilities, Weirdness & Mutations

You are immune to sickness and miasma.
Your stone body is resilient. (AC +3)
You are immune to poison.
You resist negative energy. (rN+)
You are resistant to electric shocks. (rElec)
You are resistant to unholy torment.
You are immune to petrification.


Message History

The phantom hits you.
* * * LOW HITPOINT WARNING * * *
The phantom barely misses you.
Casting: Foxfire (safe; 5% risk of failure)
Confirm with . or Enter, or press ? or * to list all spells.
You conjure some foxfire!
The phantom barely misses you.
Really quaff the potion of lignification?
Okay, then.
The foxfire hits the phantom.
The phantom is almost destroyed.
The foxfire hits the hobgoblin.
The hobgoblin is lightly wounded.
Your magical contamination has completely faded away.
The hobgoblin misses you.
Found a scroll of identify.
Casting: Foxfire (safe; 5% risk of failure)
Confirm with . or Enter, or press ? or * to list all spells.
You conjure some foxfire!
The hobgoblin closely misses you.
The foxfire hits the hobgoblin but does no damage.
The foxfire hits the hobgoblin.
The hobgoblin is heavily wounded.
Casting: Foxfire (safe; 5% risk of failure)
Confirm with . or Enter, or press ? or * to list all spells.
You conjure some foxfire!
The hobgoblin hits you but does no damage.
The foxfire hits the hobgoblin.
The hobgoblin is almost dead.
The foxfire hits the hobgoblin.
You kill the hobgoblin!
Casting: Foxfire (safe; 5% risk of failure)
Confirm with . or Enter, or press ? or * to list all spells.
You conjure some foxfire!
The phantom barely misses you.
The foxfire hits the phantom but does no damage.
The phantom is almost destroyed.
The foxfire hits the phantom but does no damage.
The phantom is almost destroyed.
Casting: Foxfire (safe; 5% risk of failure)
Confirm with . or Enter, or press ? or * to list all spells.
You conjure some foxfire!
The phantom hits you.
You die...

#.....# # #.....# .#
#.....######.#.#
#...#..........#
#######.######.#.##.
....................
#######.†###.#.#.###
###.vW.##.#......
#..§§@......?....
#.#...v##........
#.......#.###.##.
#.......#.# #
#.........#
..................
#........$..###.##.
#.#..........
...###...##


You could see a phantom (ally target).

Vanquished Creatures
  2 adders (D:2)
  A worm (D:2)
  2 bats (D:1)
  3 endoplasms
  4 giant cockroaches
  A goblin (D:2)
  8 hobgoblins
  5 jackals (D:1)
  3 kobolds (D:1)
  3 quokkas
  A ball python (D:1)
  3 frilled lizards
  9 rats
45 creatures vanquished.

Vanquished Creatures (others)
  146 foxfires
146 creatures vanquished.

Grand Total: 191 creatures vanquished

Notes
Turn   | Place    | Note
-------+----------+-------------------------------------------
     0 | D:1      | funkygono the Gargoyle Fire Elementalist began the quest
                  | for the Orb.
     0 | D:1      | Reached XP level 1. HP: 10/10 MP: 3/3
   141 | D:1      | Reached XP level 2. HP: 15/15 MP: 1/5
   537 | D:1      | Reached XP level 3. HP: 12/19 MP: 1/6
   545 | D:1      | Learned a level 3 spell: Conjure Flame
   762 | D:1      | Found Feynta's Antique Armour Emporium.
  1108 | D:2      | Found a faded altar of an unknown god.
  1623 | D:2      | Reached skill level 4 in Fire Magic
  1623 | D:2      | Reached XP level 4. HP: 24/24 MP: 2/8
  1634 | D:2      | Learned a level 3 spell: Inner Flame
  2396 | D:3      | Noticed a phantom
  2425 | D:3      | Slain by a phantom

Illustrated notes

Levels and vault maps discovered:
D:1:      psy_arrival_whirlpool, layout_rooms, serial_shops,
          nicolae_shop_statue_plus
D:2:      layout_basic, shapermc_ecumenical_altar_totnotflames, st_stairs_5
D:3:      layout_basic, nicolae_overflow_hidden_temple

Skill      XL: |  1  2  3 |
---------------+----------+-----
Fire Magic     | 4 |  4.1
Maces & Flails | |  0.1
Dodging        | |  1.6
Stealth        | |  2.1
Spellcasting   | |  2.8
Conjurations   | |  1.6

Action                   |  1- 3 |  4- 6 || total
-------------------------+-------+-------++-------
Melee: Mace              |     7 |     9 ||    16
 Cast: Foxfire           |    67 |    17 ||    84
  Use: Scroll            |     1 |     4 ||     5
Armor: Robe              |    11 |     5 ||    16
Dodge: Dodged            |    23 |    14 ||    37

Table legend: (Time is in decaauts)
 A = Elapsed time spent in this place.
 B = Non-inter-level travel time spent in this place.
 C = Inter-level travel time spent in this place.
 D = Time resting spent in this place.
 E = Time spent auto-exploring this place.
 F = Levels seen in this place.
 G = Mean time per level.
                   A        B        C        D        E       F      G
               +--------+--------+--------+--------+--------+-----+--------+
         Total |   2432 |   2271 |    161 |      0 |   1939 |   3 |  810.7 |
       Dungeon |   2432 |   2271 |    161 |      0 |   1939 |   3 |  810.7 |
               +--------+--------+--------+--------+--------+-----+--------+

Top non-repeatable levels by time:
     D:2: 1389 daAuts
     D:1: 986 daAuts
     D:3: 56 daAuts
